 Dungeon Crawl Stone Soup version 0.31.0-32-g396128a36d (webtiles) character file.

Game seed: 16396572568825539111

7296 monsoonserge the Grappler (level 11, 0/73 HPs)
             Began as an Octopode Shapeshifter on Apr 13, 2024.
             Was an Initiate of Gozag.
             Slain by a killer bee (6 damage)
             ... on level 7 of the Dungeon.
             The game lasted 00:24:14 (7798 turns).

monsoonserge the Grappler (Octopode Shapeshifter)   Turns: 7798, Time: 00:24:14

Health: 0/73       AC:  1    Str: 17    XL:     11   Next: 13%
Magic:  11/11      EV: 19    Int: 13    God:    Gozag
Gold:   447        SH:  0    Dex: 12    Spells: 10/10 levels left

rFire   . .          .
                       - Unarmed
rCold   . . .        (shield currently unavailable)
rNeg    . . .        (helmet restricted)
rPois   .            N - amulet of the acrobat
rElec   .            (no ring)
rCorr   .            (no ring)
SInv    .            (no ring)
Will    .....        (no ring)
Stlth   ++           (no ring)
HPRegen 0.32/turn    (no ring)
MPRegen 0.12/turn    (no ring)
                     (no ring)

%: acrobat
@: lethally poisoned (0 -> -12), flux-form, glowing
A: glow, contaminating, almost no armour, amphibious, 8 rings, camouflage 1,
gelatinous body 1, (nimble swimmer 1), tentacles
a: Begin Untransformation, Renounce Religion, Potion Petition, Call Merchant,
Bribe Branch


You were on level 7 of the Dungeon.
You worshipped Gozag.
Gozag was aware of your devotion.
You were something dangerously unstable.
You visited 2 branches of the dungeon, and saw 9 of its levels.
You also visited: Bailey.

You collected 628 gold pieces.
You paid 181 gold pieces to Gozag.

Inventory:

Hand Weapons
 u - the +8 arbalest of Reeptid {penet, rElec rN++ Str-4}
   (You found it on level 5 of the Dungeon)

   Str-4:     It affects your strength (-4).
   rElec:     It insulates you from electricity.
   rN++:      It greatly protects you from negative energy.
Missiles
 a - 17 boomerangs
 G - 2 curare-tipped darts (quivered)
 J - 8 poisoned darts
Jewellery
 r - an amulet of reflection
 N - an amulet of the acrobat (around mantle)
Talismans
 b - a beast talisman
 c - a flux talisman (active)
 j - a maw talisman
Wands
 q - a wand of paralysis (12)
 y - a wand of iceblast (13)
 A - a wand of quicksilver (4)
Scrolls
 d - 2 scrolls of blinking {unknown}
 f - 4 scrolls of fog
 g - a scroll of vulnerability {unknown}
 h - a scroll of poison {unknown}
 k - 4 scrolls of enchant weapon {unknown}
 n - 2 scrolls of butterflies {unknown}
 o - 3 scrolls of immolation {unknown}
 p - a scroll of amnesia {unknown}
 s - 7 scrolls of identify {unknown}
 v - a scroll of acquirement {unknown}
 x - a scroll of noise {unknown}
 C - a scroll of silence {unknown}
 D - a scroll of brand weapon {unknown}
 E - 3 scrolls of enchant armour {unknown}
 H - a scroll of teleportation {unknown}
 K - a scroll of revelation {unknown}
Potions
 e - a potion of invisibility
 i - a potion of heal wounds
 l - 2 potions of curing {unknown}
 m - a potion of attraction {unknown}
 t - 3 potions of brilliance {unknown}
 z - 2 potions of magic {unknown}
 B - a potion of berserk rage {unknown}
 F - 2 potions of haste {unknown}
 L - a potion of degeneration {unknown}
 M - a potion of resistance {unknown}
Miscellaneous
 I - a phantom mirror


   Skills:
 * Level 6.3 Fighting
 * Level 6.3 Dodging
 + Level 6.4 Stealth
 + Level 11.4 Unarmed Combat
 + Level 4.6 Evocations
 + Level 8.1 Shapeshifting


You had 10 spell levels left.
You didn't know any spells.
Your spell library contained the following spells:

 Spells                   Type           Power      Damage    Failure   Level
 Frozen Ramparts          Ice            0%         1d1       67%         3
 Leda's Liquefaction      Alch/Erth      0%         N/A       97%         4
 Petrify                  Alch/Erth      0%         N/A       97%         4
 Vhi's Electric Charge    Tloc/Air       0%         N/A       97%         4
 Arcjolt                  Conj/Air       0%         1d10      100%        5
 Metabolic Englaciation   Hex/Ice        0%         N/A       100%        5
 Summon Forest            Summ/Tloc      0%         N/A       100%        5
 Eringya's Noxious Bog    Alch           0%         4d6       100%        6
 Plasma Beam              Fire/Air       0%         2x1d10    100%        6
 Summon Hydra             Summ           0%         N/A       100%        7


Dungeon Overview and Level Annotations

Branches:
Dungeon (8/15)             Temple (1/1) D:5          Bailey (visited)
   Lair: D:8-11

Altars:
Ashenzari
Cheibriados
Elyvilon
Fedhas
Gozag
Hepliaklqana
Makhleb
Nemelex Xobeh
Okawaru
Qazlal
Ru
Sif Muna
Uskayaw
Wu Jian
Xom
Yredelemnul
Zin
The Shining One

Shops:
D:1 ==[:   D:7 [


Innate Abilities, Weirdness & Mutations

You are something dangerously unstable.
You glow with magical radiation, making you easy to see and hit.
Foes you strike become dangerously contaminated with magical radiation.
You are incapable of wielding weapons or throwing items.
You cannot wear most types of armour.
You are amphibious.
You can wear up to eight rings at the same time.
Your skin changes colour to match your surroundings (Stealth+).
Your rubbery body absorbs attacks. (AC +1, EV +1)
((You are camouflaged when in or above water. (Stealth+)))
You have tentacles for arms and can constrict up to eight enemies at once.


Message History

The killer bee misses you. The killer bee closely misses you.
The killer bee completely misses you. x2; The killer bee barely misses you.
The killer bee misses you. The killer bee closely misses you.
The killer bee barely misses you.
You miss the killer bee. Your grab misses the killer bee.
Your squeeze misses the killer bee. The killer bee stings you.
The killer bee stings you! The killer bee misses you.
The killer bee completely misses you. x2; The killer bee closely misses you.
The killer bee misses you. The killer bee completely misses you.
You barely miss the killer bee. Your grab misses the killer bee.
Your squeeze misses the killer bee. The killer bee stings you.
You are poisoned.
The killer bee poisons you! The killer bee completely misses you.
The killer bee stings you. The killer bee closely misses you.
You miss the killer bee. Your grab misses the killer bee.
You squeeze the killer bee.
The killer bee is moderately wounded.
You feel sick. The killer bee misses you. The killer bee stings you.
The killer bee barely misses you. The killer bee stings you.
You are more poisoned.
The killer bee poisons you! The killer bee closely misses you. x2
The killer bee barely misses you. The killer bee misses you.
Okay, then.
It was a potion of heal wounds.
You feel much better.
You feel sick. The killer bee completely misses you. The killer bee stings you!
The killer bee completely misses you. The killer bee stings you.
You are more poisoned.
The killer bee poisons you! The killer bee stings you! x2
The killer bee barely misses you. x2
As you read the scroll labelled CUGYTONT QANUU, it dissolves into smoke.
It was a scroll of fog.
You feel very sick. The killer bee stings you!
* * * LOW HITPOINT WARNING * * *
The killer bee stings you!
* * * LOW HITPOINT WARNING * * *
The killer bee completely misses you. The killer bee misses you.
The killer bee closely misses you. x2; The killer bee stings you.
You die...
Your body crumbles into a pile of gold.

#..............................
#...................##..##...##
#...................###.##.###.
##.............##..## #.##.##..
##...........###..####.......#
######....#.###.......#......
####.#.##...######.###..
###.#y§§...# #.......
#....yp§##.# #...##..
#.#..y.y##.# ##..###..
#.###...##.####........ #.#
#....#.##....###...
#.###......##..#(##..##
#...###.#..#.....##.### ###.#
#........##...... #.#
#..........).....
#.###.......<...#....


You could see 4 killer bees.

Vanquished Creatures
  An orc warlord (Bailey)
  Joseph (D:7)
  Sigmund (D:3)
  A water moccasin (D:7)
  2 sky beasts (D:7)
  2 ice beasts (D:7)
  7 orc warriors
  3 ogres
  A centaur (D:5)
  2 phantoms
  2 bullfrogs (D:6)
  2 gnoll sergeants
  4 scorpions
  3 wights (D:6)
  2 howler monkeys
  A bombardier beetle (D:7)
  2 orc priests (D:7)
  2 hounds
  A jelly (D:7)
  Ijyb (D:5)
  A sleepcap (D:6)
  Natasha (twice) (D:2)
  5 orc wizards
  7 adders
  9 gnolls
  2 dart slugs
  A ribbon worm (D:3)
  25 orcs
  4 ball pythons
  8 endoplasms
  2 giant cockroaches (D:4)
  A goblin (Bailey)
  9 hobgoblins
  6 jackals (D:1)
  16 kobolds
  4 quokkas
  4 bats
  A frilled lizard (D:3)
  2 rats
150 creatures vanquished.

Vanquished Creatures (others)
  An orc (D:7)
1 creature vanquished.

Grand Total: 151 creatures vanquished

Notes
Turn   | Place    | Note
-------+----------+-------------------------------------------
     0 | D:1      | monsoonserge the Octopode Shapeshifter began the quest for
                  | the Orb.
     0 | D:1      | Reached XP level 1. HP: 13/13 MP: 1/1
    31 | D:1      | Found Mihyl's Jewellery Emporium.
    35 | D:1      | Found Hykaheqiur's Jewellery Boutique.
   198 | D:1      | Reached skill level 1 in Stealth
   201 | D:1      | Reached XP level 2. HP: 8/18 MP: 2/2
   300 | D:1      | Found Azop's Antique Armour Boutique.
   372 | D:1      | Found Kokhlaodi's Book Shoppe.
   868 | D:2      | Found a faded altar of an unknown god.
   917 | D:2      | Reached XP level 3. HP: 24/24 MP: 3/3
  1052 | D:2      | Noticed Natasha
  1060 | D:2      | Killed Natasha
  1078 | D:2      | Reached XP level 4. HP: 29/29 MP: 4/4
  1319 | D:2      | Noticed Natasha
  1329 | D:2      | Killed Natasha
  1330 | D:2      | Reached skill level 4 in Unarmed Combat
  1588 | D:3      | Found a hide-covered altar of Uskayaw.
  1724 | D:3      | Noticed an ogre
  1729 | D:3      | Killed an ogre
  1730 | D:3      | Reached skill level 5 in Unarmed Combat
  1730 | D:3      | Reached XP level 5. HP: 34/34 MP: 5/5
  1740 | D:3      | Noticed Sigmund
  1756 | D:3      | Identified the +6 quarterstaff of the Riding Big Fish
                  | {flame, ^Contam rPois rCorr Str+2}
  1825 | D:3      | Reached XP level 6. HP: 35/39 MP: 6/6
  1950 | D:3      | Found a stormy altar of Qazlal.
  2763 | D:4      | Reached skill level 6 in Unarmed Combat
  3144 | D:5      | Entered Level 5 of the Dungeon
  3179 | D:5      | Reached XP level 7. HP: 44/45 MP: 7/7
  3181 | D:5      | Identified the +8 arbalest of Reeptid {penet, rElec rN++
                  | Str-4}
  3334 | D:5      | Reached skill level 1 in Evocations
  3422 | D:5      | Found a staircase to the Ecumenical Temple.
  3431 | Temple   | Entered the Ecumenical Temple
  3523 | D:5      | Identified the +0 scale mail of Jeyzxut {rPois rN+ Will+
                  | Str+4}
  3651 | D:5      | Noticed Ijyb
  3657 | D:5      | Killed Ijyb
  4414 | D:6      | Reached skill level 7 in Unarmed Combat
  4520 | D:5      | Reached XP level 8. HP: 23/52 MP: 8/8
  4674 | D:6      | Reached skill level 8 in Unarmed Combat
  4888 | D:6      | Found a snail-covered altar of Cheibriados.
  4888 | D:6      | Found a broken altar of Ashenzari.
  5029 | D:6      | Reached skill level 9 in Unarmed Combat
  5034 | D:6      | Found a basalt altar of Yredelemnul.
  5337 | D:7      | Noticed Joseph
  5451 | D:7      | Reached skill level 10 in Unarmed Combat
  5455 | D:7      | Reached XP level 9. HP: 33/56 MP: 9/9
  5660 | D:7      | Found a flagged portal.
  5679 | D:7      | HP: 1/56 [orc/+0 club (2)]
  5682 | Bailey   | Entered a bailey
  6044 | Bailey   | Noticed an orc warlord
  6241 | Bailey   | Found a runed translucent gate.
  6245 | Bailey   | Found a runed translucent gate.
  6246 | Bailey   | Found a runed translucent gate.
  6470 | Bailey   | Reached skill level 5 in Shapeshifting
  6516 | Bailey   | Killed an orc warlord
  6627 | Bailey   | Reached skill level 11 in Unarmed Combat
  6627 | Bailey   | Reached XP level 10. HP: 68/68 MP: 10/10
  6935 | D:3      | Killed Sigmund
  6936 | D:3      | Reached XP level 11. HP: 67/72 MP: 11/11
  7072 | D:7      | Killed Joseph
  7316 | D:7      | Found an opulent altar of Gozag.
  7327 | D:7      | Became a worshipper of Gozag Ym Sagoz the Greedy
  7571 | D:7      | Found Ejookkap's Armour Shoppe.
  7749 | D:8      | Noticed a cyclops
  7798 | D:7      | Slain by a killer bee

Illustrated notes

Levels and vault maps discovered:
D:1:      doesnt_arrival_eight_statues, layout_loops_ring, serial_shops, shop,
          shop, nicolae_shop_gaudy_bauble, shop
D:2:      wad_lake_hut, layout_basic, ebering_ecumenical_altar_petrified,
          uniq_natasha
D:3:      layout_loops_ring, mainiacjoe_overflow_alcove_2,
          eat_drink_and_be_merry_uskayaw, minivault_24,
          minmay_misc_feat_pillars, minmay_misc_feat_doors,
          minmay_misc_feat_rows, uniq_sigmund
D:4:      cheibrodos_helix_gallery, layout_basic
D:5:      layout_layer_cave, minmay_temple_entry_crystal_x, abandoned_shop,
          minivault_5, kennysheep_flooded_box, uniq_ijyb
D:6:      layout_basic, jmf_multi_god_temple, yredelemnul_altar_generic
D:7:      layout_rooms, grunt_gozag_breadcrumbs, enter_bailey_2, serial_shops,
          nicolae_square_shop, uniq_joseph
D:8:      layout_rooms, general_overflow_altar
Temple:   nicolae_temple_x_marks_the_god

Skill      XL: |  1  2  3  4  5  6  7  8  9 |
---------------+----------------------------+-----
Stealth        | 1 2 3 6 |  6.4
Fighting       | 2 3 6 |  6.3
Unarmed Combat | 5 6 7 10 11 | 11.4
Evocations     | 2 4 |  4.6
Dodging        | 3 6 |  6.3
Shapeshifting  | 8 |  8.1

Action                     |  1- 3 |  4- 6 |  7- 9 | 10-12 || total
---------------------------+-------+-------+-------+-------++-------
  Melee: Unarmed           |    47 |    71 |   161 |    61 ||   340
         Constrict         |    12 |    19 |    34 |    11 ||    76
         Tentacles         |     9 |    12 |    42 |    20 ||    83
         Punch             |     1 |     4 |     9 |       ||    14
  Throw: Dart              |       |       |    10 |       ||    10
         Boomerang         |       |       |     5 |       ||     5
  Evoke: Wand              |       |       |     3 |       ||     3
    Use: Potion            |       |       |     3 |     1 ||     4
         Scroll            |       |       |       |     1 ||     1
   Stab: Sleeping          |     5 |     5 |     5 |       ||    15
         Distracted        |       |       |     2 |     1 ||     3
 Armour: Skin              |    18 |    29 |   112 |    31 ||   190
  Dodge: Dodged            |    26 |    42 |    52 |    58 ||   178
  Block: Other             |       |     1 |    27 |     7 ||    35
         Reflection        |       |       |     2 |       ||     2
   Form: Flux              |       |       |     1 |       ||     1
